 Dungeon Crawl Stone Soup version 0.31-a0-853-gc9b61b78f7 (webtiles) character file.

Game seed: 12904902959535289009

149 CrazyBamboolord the Gusty (level 5, 0/29 HPs)
             Began as a Tengu Air Elementalist on Oct 8, 2023.
             Slain by an ogre
             ... wielding a +0 giant club
              (22 damage)
             ... on level 5 of the Dungeon.
             The game lasted 00:04:25 (2914 turns).

CrazyBamboolord the Gusty (Tengu Air Elementalist)  Turns: 2914, Time: 00:04:25

Health: 0/29       AC:  2    Str:  8    XL:     5   Next: 31%
Magic:  7/10       EV: 13    Int: 17    God:
Gold:   57         SH:  0    Dex: 15    Spells: 3/9 levels left

rFire   . . .        h - +1 dagger
rCold   . . .        (no shield)
rNeg    . . .        a - +0 robe
rPois   .            (helmet restricted)
rElec   .            (no cloak)
rCorr   .            (no gloves)
SInv    .            (boots unavailable)
Will    .....        (no amulet)
Stlth   ++           (no ring)
HPRegen 0.24/turn    (no ring)
MPRegen 0.12/turn

%: acrobat
@: weak-willed
A: beak, talons 3, acrobatic
a: no special abilities


You were on level 5 of the Dungeon.
You visited 1 branch of the dungeon, and saw 4 of its levels.

You collected 57 gold pieces.

Inventory:

Hand Weapons
 h - a +1 dagger (weapon)
Armour
 a - a +0 robe (worn)
Jewellery
 c - a +6 ring of strength
Scrolls
 g - 2 scrolls of poison
 k - a scroll of acquirement {unknown}
Potions
 b - a potion of magic
 e - a potion of mutation
 i - 3 potions of curing
 j - a potion of invisibility {unknown}


   Skills:
 + Level 1.3 Fighting
 + Level 2.8 Dodging
 + Level 2.5 Stealth
 * Level 2.9 Spellcasting
 * Level 3.0 Conjurations
 * Level 5.1 Air Magic


You had 3 spell levels left.
You knew the following spells:

 Your Spells              Type           Power      Damage    Failure   Level
a - Shock                 Conj/Air       64%        1d7       3%          1
b - Static Discharge      Conj/Air       32%        2-4/arc   4%          2
c - Swiftness             Air            20%        N/A       6%          3

Your spell library contained the following spells:

 Spells                   Type           Power      Damage    Failure   Level
 Airstrike                Air            10%        2d(2-18)  22%         4


Dungeon Overview and Level Annotations

Branches:
Dungeon (3/15)

Altars:
Cheibriados


Innate Abilities, Weirdness & Mutations

You have a beak for a mouth.
You have claws for feet.
You can magically evade attacks while moving or waiting.


Message History

The zap hits the orc.
The orc is heavily wounded.
The zap hits the orc!
You kill the orc!
You can't see any susceptible monsters within range! (Use Z to cast anyway.)
You can't see any susceptible monsters within range! (Use Z to cast anyway.)
Your magical contamination has completely faded away.
You see here a hound corpse.
A malevolent force fills the Dungeon...
You fall into a shaft and drop 2 floors!
The shaft crumbles and collapses.
Okay, then.
As you open the door, it creaks loudly!
You hear a shout! x2
You hear an angry hiss.
Found a scroll labelled QEUJAUSTR LEVYM.
Found a stone staircase leading down.
An ogre comes into view. It is wielding a +0 giant club.
An orc comes into view. It is wielding a +0 antimagic dagger.
The ogre moves out of view.
There is an open door here.
The zap hits the orc.
The orc is moderately wounded.
The orc hits you but does no damage.
The zap hits the orc.
The orc is heavily wounded.
A scorpion comes into view.
The orc barely misses you.
An iguana comes into view.
The zap hits the orc.
You kill the orc!
The iguana hisses angrily.
The ogre attacks as it pursues you! The ogre hits you with a +0 giant club!
As you read the scroll labelled QEUJAUSTR LEVYM, it crumbles to dust.
It is a scroll of enchant weapon.
Your +0 dagger glows red for a moment.
As you read the scroll labelled IGA EXTEGAL, it crumbles to dust.
Magic quickly surges around you.
It was a scroll of vulnerability.
The ogre hits you with a +0 giant club!!
Ouch! That really hurt!
You die...

##+#.. #.....
#..... #.....
#..... #>....
#....)####+###
#.?..sO@.....+
#.....#......#
#.....#......#
#....s#......#
#.....###...##
###... #####
#... #...


You could see an ogre (weak-willed) and a scorpion (weak-willed).

Vanquished Creatures
  A hound (D:3)
  An orc wizard (D:3)
  A mummy (D:3)
  2 adders (D:2)
  2 dart slugs (D:1)
  6 orcs
  6 endoplasms
  3 giant cockroaches
  4 goblins
  3 hobgoblins (D:1)
  2 jackals (D:2)
  A quokka (D:1)
  4 ball pythons
  7 bats
  3 frilled lizards
  2 kobolds
  6 rats
54 creatures vanquished.

Notes
Turn   | Place    | Note
-------+----------+-------------------------------------------
     0 | D:1      | CrazyBamboolord the Tengu Air Elementalist began the quest
                  | for the Orb.
     0 | D:1      | Reached XP level 1. HP: 10/10 MP: 4/4
   264 | D:1      | Reached XP level 2. HP: 12/15 MP: 1/6
   811 | D:1      | Reached XP level 3. HP: 20/20 MP: 4/7
  1009 | D:1      | Learned a level 2 spell: Static Discharge
  1013 | D:1      | Learned a level 3 spell: Swiftness
  2058 | D:2      | Reached skill level 1 in Fighting
  2058 | D:2      | Reached XP level 4. HP: 25/25 MP: 1/8
  2523 | D:3      | Found a snail-covered altar of Cheibriados.
  2744 | D:3      | Reached skill level 5 in Air Magic
  2744 | D:3      | Reached XP level 5. HP: 24/29 MP: 4/10
  2902 | D:3      | You fall into a shaft and drop 2 floors!
  2902 | D:5      | Entered Level 5 of the Dungeon
  2908 | D:5      | Noticed an ogre
  2914 | D:5      | Slain by an ogre

Illustrated notes

Levels and vault maps discovered:
D:1:      wander_arrival_estate, layout_basic, fountainhead
D:2:      layout_loops_corners
D:3:      layout_loops_ring, slow_altar_1
D:5:      layout_gridville, nicolae_stop_n_shop_1

Skill      XL: |  1  2  3  4 |
---------------+-------------+-----
Conjurations   | 2 3 |  3.0
Fighting       | 1 |  1.3
Air Magic      | 5 |  5.1
Dodging        | |  2.8
Stealth        | |  2.5
Spellcasting   | |  2.9

Action                     |  1- 3 |  4- 6 || total
---------------------------+-------+-------++-------
  Melee: Unarmed           |     3 |       ||     3
         Peck              |     2 |       ||     2
         Kick              |     2 |     1 ||     3
         Punch             |     1 |       ||     1
         Dagger            |     3 |     4 ||     7
   Cast: Shock             |    85 |    39 ||   124
         Static Discharge  |       |     1 ||     1
    Use: Scroll            |     3 |     2 ||     5
 Armour: Robe              |    14 |     7 ||    21
  Dodge: Dodged            |    18 |     3 ||    21

Table legend: (Time is in decaauts)
 A = Elapsed time spent in this place.
 B = Non-inter-level travel time spent in this place.
 C = Inter-level travel time spent in this place.
 D = Time resting spent in this place.
 E = Time spent auto-exploring this place.
 F = Levels seen in this place.
 G = Mean time per level.
                   A        B        C        D        E       F      G
               +--------+--------+--------+--------+--------+-----+--------+
         Total |   2913 |   2880 |     33 |    100 |   2520 |   4 |  728.2 |
       Dungeon |   2913 |   2880 |     33 |    100 |   2520 |   4 |  728.2 |
               +--------+--------+--------+--------+--------+-----+--------+

Top non-repeatable levels by time:
     D:2: 1440 daAuts
     D:1: 1027 daAuts
     D:3: 433 daAuts
     D:5: 11 daAuts
